 Dungeon Crawl Stone Soup version 0.31-a0-859-g9dce7d3444 (webtiles) character file.

Game seed: 4465237546884975329

4 Kurtz the Sneak (level 1, -1/21 HPs)
             Began as a Naga Delver on Oct 9, 2023.
             Slain by an adder (2 damage)
             ... on level 2 of the Dungeon.
             The game lasted 00:00:20 (118 turns).

Kurtz the Sneak (Naga Delver)                        Turns: 118, Time: 00:00:21

Health: -1/21      AC:  1    Str: 14    XL:     1   Next: 60%
Magic:  1/1        EV:  9    Int: 10    God:
Gold:   0          SH:  0    Dex: 12    Spells: 0/0 levels left

rFire   . . .        a - +0 hand axe
rCold   . . .        (no shield)
rNeg    . . .        b - +0 leather armour
rPois   +            (no helmet)
rElec   .            (no cloak)
rCorr   .            (no gloves)
SInv    +            (no barding)
Will    .....        (no amulet)
Stlth   +++          (no ring)
HPRegen 0.23/turn    (no ring)
MPRegen 0.07/turn

%: no passive effects
@: hasted, quick
A: AC +0, large, see invisible, deformed body, poison resistance, slowness 2,
spit poison 1, naga tail 1
a: Spit Poison


You were on level 2 of the Dungeon.
You visited 1 branch of the dungeon, and saw 4 of its levels.

Inventory:

Hand Weapons
 a - a +0 hand axe (weapon)
Armour
 b - a +0 leather armour (worn)
Wands
 g - a wand of digging (3)
Scrolls
 c - a scroll of fog
 d - a scroll of revelation
 e - a scroll of fear


   Skills:
 - Level 3.0 Fighting
 * Level 2.4 Axes
 - Level 1.5 Dodging
 - Level 7.2 Stealth


You couldn't memorise any spells.
You didn't know any spells.
Your spell library was empty.

Dungeon Overview and Level Annotations

Branches:
Dungeon (5/15)
 Temple: D:4-7

Altars:
Cheibriados

Annotations:
D:2 Terence


Innate Abilities, Weirdness & Mutations

Your serpentine skin is tough. (AC +0)
You have supernaturally acute eyesight. (SInv)
Armour fits poorly on your strangely shaped body.
Your system is resistant to poisons. (rPois)
You cover ground very slowly.
You can spit poison.
You have a snake-like lower body.


Message History

You kill the goblin!
The adder barely misses you.
You miss the adder. You closely miss the frilled lizard. The adder bites you.
The frilled lizard bites you. The adder bites you.
Unknown command.
You closely miss the adder. You barely miss the frilled lizard.
The adder bites you but does no damage. The frilled lizard bites you.
The adder bites you.
You barely miss the adder. You closely miss the frilled lizard.
The frilled lizard bites you but does no damage.
The adder bites you.
* * * LOW HITPOINT WARNING * * *
The frilled lizard bites you.
* * * LOW HITPOINT WARNING * * *
You are too injured to fight recklessly!
Unknown command.
You are too injured to fight recklessly!
You barely miss the adder. You closely miss the frilled lizard.
The adder closely misses you. x2; The frilled lizard barely misses you.
Unknown command.
The adder barely misses you. x2
The frilled lizard attacks as it pursues you!
The frilled lizard bites you.
* * * LOW HITPOINT WARNING * * *
The frilled lizard completely misses you.
You feel yourself speed up. The frilled lizard barely misses you.
You closely miss the frilled lizard. You slash the frilled lizard!
You kill the frilled lizard!
You hit the adder.
The adder is heavily wounded.
The adder bites you.
* * * LOW HITPOINT WARNING * * *
You hit the adder.
The adder is heavily wounded.
The adder completely misses you.
You miss the adder.
The adder is heavily wounded.
The adder bites you.
You die...

.######## ..## ..>#
#..### .### ##....####
.# #.........
.########### #....?....
...........###.........
...........##....#
##.........##)##S#
#........$...##@#
#....#.#...####.#
#....#...### #.#
#.......... #.#
..........## ..#
..@.....### ...
##....### #.. .....#
#..


You could see an adder.

Vanquished Creatures
  An orc (D:4)
  A goblin (D:2)
  A frilled lizard (D:2)
3 creatures vanquished.

Notes
Turn   | Place    | Note
-------+----------+-------------------------------------------
     0 | D:5      | Kurtz the Naga Delver began the quest for the Orb.
     0 | D:5      | Reached XP level 1. HP: 21/21 MP: 1/1
    10 | D:5      | Found a snail-covered altar of Cheibriados.
    90 | D:2      | Noticed Terence
   116 | D:2      | HP: 1/21 [adder (4)]
   118 | D:2      | Slain by an adder

Illustrated notes

Levels and vault maps discovered:
D:2:      layout_rooms, uniq_terence, uniq_natasha, uniq_robin
D:3:      cheibrodos_old_hovel, layout_basic, tso_metal_star, xom_redecorated,
          ebering_ecumenical_altar_petrified
D:4:      layout_gridville, marbit_many_paths, kennysheep_mini_moat,
          cheibrodos_gnoll_hut
D:5:      layout_basic, lemuel_tele_altar, kennysheep_little_box,
          mainiacjoe_overflow_chevrons, zin_scriptorium,
          minmay_temple_entry_statues_fountains

Action                     || total
---------------------------++-------
  Melee: Hand axe          ||    12
    Use: Potion            ||     1
 Armour: Leather armour    ||    16
  Dodge: Dodged            ||    11

Table legend: (Time is in decaauts)
 A = Elapsed time spent in this place.
 B = Non-inter-level travel time spent in this place.
 C = Inter-level travel time spent in this place.
 D = Time resting spent in this place.
 E = Time spent auto-exploring this place.
 F = Levels seen in this place.
 G = Mean time per level.
                   A        B        C        D        E       F      G
               +--------+--------+--------+--------+--------+-----+--------+
         Total |    154 |    134 |     20 |      0 |     65 |   4 |   38.5 |
       Dungeon |    154 |    134 |     20 |      0 |     65 |   4 |   38.5 |
               +--------+--------+--------+--------+--------+-----+--------+

Top non-repeatable levels by time:
     D:2: 74 daAuts
     D:5: 38 daAuts
     D:4: 24 daAuts
     D:3: 17 daAuts
